 Dungeon Crawl Stone Soup version 0.29.1-12-g30fa7ad0bf (webtiles) character file.

Game seed: 6209629981719990815

81 cheesebisquit the Shooter (level 4, -6/40 HPs)
             Began as a Minotaur Hunter on Jan 13, 2023.
             Mangled by an iguana (10 damage)
             ... on level 6 of the Dungeon.
             The game lasted 00:11:37 (2248 turns).

cheesebisquit the Shooter (Minotaur Hunter)         Turns: 2248, Time: 00:11:38

Health: -6/40      AC:  6    Str: 15 (17) XL:     4   Next: 19%
Magic:  3/3        EV:  9    Int:  5 (6)  God:
Gold:   92         SH:  0    Dex: 11 (14) Spells: 3/3 levels left

rFire   . . .      SeeInvis .   b - +0 war axe
rCold   . . .      Faith    .   (no shield)
rNeg    . . .      Spirit   .   h - +0 scale mail
rPois   .          Reflect  .   (helmet restricted)
rElec   .          Harm     .   (no cloak)
rCorr   .          Rampage  .   (no gloves)
Will    .....                   (no boots)
Stlth   ..........              (no amulet)
HPRegen 0.13/turn               (no ring)
MPRegen 0.08/turn               (no ring)

@: no status effects
A: horns 2, retaliatory headbutt
a: no special abilities


You were on level 6 of the Dungeon.
You visited 1 branch of the dungeon, and saw 4 of its levels.

You collected 92 gold pieces.

Inventory:

Hand Weapons
 a - a +0 shortbow
 b - a +0 war axe (weapon)
Missiles
 f - 25 stones
 j - 3 silver javelins
Armour
 c - a +0 leather armour
 h - a +0 scale mail (worn)
Jewellery
 n - a ring of protection from cold
Wands
 m - a wand of mindburst (14)
Scrolls
 e - a scroll of blinking {unknown}
 g - 4 scrolls of immolation
 i - a scroll of butterflies {unknown}
 k - 2 scrolls of identify {unknown}
 l - a scroll of torment {unknown}
 q - a scroll of magic mapping {unknown}
Potions
 o - a potion of attraction


   Skills:
 + Level 3.6 Fighting
 * Level 5.7 Ranged Weapons
 - Level 2.1 Dodging
 - Level 0.7 Stealth


You had 3 spell levels left.
You didn't know any spells.
Your spell library was empty.

Dungeon Overview and Level Annotations

Branches:
Dungeon (3/15)

Altars:


Innate Abilities, Weirdness & Mutations

You have a pair of horns on your head.
You reflexively headbutt those who attack you in melee.


Message History

b - a +0 war axe (weapon)
You hit the iguana. You punch the iguana.
The iguana is moderately wounded.
The iguana bites you. The hound closely misses you. You furiously retaliate!
You headbutt the hound. The iguana bites you. The hound barely misses you.
You furiously retaliate!
You headbutt the hound. You closely miss the iguana.
The iguana is lightly wounded.
You closely miss the hound. The hound bites you but does no damage.
The iguana bites you. The hound bites you but does no damage.
You hit the iguana.
The iguana is moderately wounded.
You barely miss the hound. The hound barely misses you. The iguana bites you.
The hound bites you but does no damage. The iguana bites you.
It was a potion of attraction.
You feel attractive to monsters. The hound closely misses you.
The iguana bites you!
* * * LOW HITPOINT WARNING * * *
The hound closely misses you.
It was a potion of degeneration.
There was something very wrong with that liquid.
You feel weakened.
You feel dopey.
You feel clumsy. The hound bites you but does no damage.
The iguana bites you but does no damage.
An iguana comes into view.
The iguana is attracted toward you.
It was a potion of cancellation.
Your magical effects are unravelling.
You feel magically purged.
The iguana hisses angrily.
The hound bites you but does no damage.
The iguana bites you but does no damage.
The hound bites you but does no damage.
You feel less attractive to monsters.
The iguana bites you but does no damage.
The hound attacks as you move away! The hound closely misses you.
The iguana bites you!
* * * LOW HITPOINT WARNING * * *
The hound closely misses you. The iguana attacks as you move away!
The iguana bites you!
You die...

#. #..
#.. ###
#..###.##
#..#...#
#...#[..#
##l###.##
#hl.###
#@###
#..#
##...
####


You could see 2 iguanas and a hound.

Vanquished Creatures
  3 adders (D:2)
  A worm (D:2)
  2 dart slugs
  4 bats
  2 endoplasms (D:1)
  3 giant cockroaches
  3 goblins
  6 hobgoblins
  2 kobolds (D:2)
  2 quokkas (D:2)
  5 ball pythons
  7 frilled lizards
  6 rats
46 creatures vanquished.

Notes
Turn   | Place    | Note
-------+----------+-------------------------------------------
     0 | D:1      | cheesebisquit the Minotaur Hunter began the quest for the
                  | Orb.
     0 | D:1      | Reached XP level 1. HP: 18/18 MP: 0/0
   249 | D:1      | Reached XP level 2. HP: 25/25 MP: 1/1
   477 | D:1      | Reached skill level 5 in Ranged Weapons
   662 | D:1      | Reached XP level 3. HP: 31/31 MP: 2/2
  1545 | D:2      | Reached XP level 4. HP: 38/38 MP: 3/3
  2231 | D:3      | You fall into a shaft and drop 3 floors!
  2248 | D:6      | Mangled by an iguana

Illustrated notes

Levels and vault maps discovered:
D:1:      evilmike_arrival_hilbert_curve, layout_basic
D:2:      minmay_angry_zag, layout_loops_cross, kennysheep_nondescript
D:3:      layout_loops_ring, minmay_goblin_outpost
D:6:      layout_loops_ring, minmay_temple_entry_slanted, serial_shops, shop,
          minmay_between

Skill      XL: |  1  2 |
---------------+-------+-----
Fighting       | 3 |  3.6
Ranged Weapons | 5 |  5.7
Dodging        | |  2.1
Stealth        | |  0.7

Action                   |  1- 3 |  4- 6 || total
-------------------------+-------+-------++-------
Melee: Club              |    20 |       ||    20
       Headbutt          |     4 |     2 ||     6
       Long sword        |     2 |       ||     2
       War axe           |       |    11 ||    11
       Punch             |       |     1 ||     1
 Fire: Shortbow          |    88 |     7 ||    95
  Use: Potion            |       |     3 ||     3
Armor: Scale mail        |    30 |    13 ||    43
Dodge: Dodged            |    51 |    11 ||    62
